 Dungeon Crawl Stone Soup version 0.18-a0-1554-g49b38aa (webtiles) character file.

25 Psiweapon the Skirmisher (level 2, 0/24 HPs)
             Began as a Demonspawn Chaos Knight on Mar 12, 2016.
             Slain by a hound (1 damage)
             ... on level 3 of the Dungeon.
             The game lasted 00:07:38 (751 turns).

Psiweapon the Skirmisher (Demonspawn Chaos Knight)   Turns: 751, Time: 00:07:40

Health: 0/24       AC: 10    Str: 12 (15) XL:     2   Next: 86%
Magic:  2/2        EV: 11    Int: 12 (13) God:    Xom [.....*]
Gold:   107        SH:  0    Dex: 11 (12) Spells: 0 memorised, 1 level left

rFire  . . .     SeeInvis .     a - +0 hand axe (chaos)
rCold  + . .     Gourm    .     b - +2 leather armour
rNeg   . . .     Faith    .     (no shield)
rPois  .         Spirit   .     (no helmet)
rElec  .         Dismiss  .     k - +0 cloak
rCorr  .         Reflect  .     (no gloves)
SustAt .         Harm     .     (no boots)
MR     .....     Rnd*Tele +     (no amulet)
Stlth  +.........               (no ring)
                                m - +3 ring of strength

@: about to teleport, very slightly contaminated, hasted, very quick, not
resistant to hostile enchantments, very unstealthy
A: hooves 1, iridescent scales 1, cold resistance 1, teleportitis 1
a: Renounce Religion


You were on level 3 of the Dungeon.
You worshipped Xom.
You were Xom's teddy bear.
You were not hungry.

You visited 1 branch of the dungeon, and saw 4 of its levels.

You collected 107 gold pieces.

Inventory:

Hand Weapons
 a - a +0 hand axe of chaos (weapon)
 r - a +0 blowgun
Missiles
 d - 17 bolts of flame
 l - 46 bolts
 n - 21 stones (quivered)
 s - 3 poisoned needles
Armour
 b - a +2 leather armour (worn)
 k - a +0 cloak (worn)
Jewellery
 m - a +3 ring of strength (left hand)
Scrolls
 h - a scroll of fear {unknown}
 j - 3 scrolls of identify
Potions
 e - a potion of flight {unknown}
 i - a potion of haste
 p - a potion of degeneration
Comestibles
 c - a bread ration
 f - a slice of pizza


   Skills:
 + Level 3.4 Fighting
 + Level 3.2 Axes
 + Level 2.0 Armour
 + Level 1.1 Dodging


You had one spell level left.
You didn't know any spells.

Dungeon Overview and Level Annotations

Branches:
Dungeon (4/15)
 Temple: D:4-7

Altars:


Innate Abilities, Weirdness & Mutations

Your flesh is cold resistant.
You have large cloven feet.
You are partially covered in iridescent scales (AC +4).
You are occasionally teleported next to monsters.


Message History

The gnoll is lightly wounded.
You hit the hound.
The hound flickers and vanishes!
Deactivating autopickup; reactivate with Ctrl-A.
Something bites you but does no damage. The gnoll hits you but does no damage.
Unknown command.
You hit the gnoll but do no damage.
The gnoll is lightly wounded.
You hit something.
You heal something.
Something barely misses you. The gnoll hits you but does no damage.
You hit the gnoll.
The gnoll seems to speed up.
Your kick misses the gnoll.
The gnoll is moderately wounded.
You miss something. Something bites you but does no damage.
You closely miss the gnoll. You kick the gnoll, but do no damage.
The gnoll is moderately wounded.
You closely miss something. Something bites you but does no damage.
The gnoll hits you with a club!
* * * LOW HITPOINT WARNING * * *
You emit a cloud of colourful smoke!
Something bites you.
You die...

##....### .......
........ .......
.....# ....# # #.#.#
#.#.#§#####.#
######....og@{§..#
........#.§#######
#. #...............#
#.##.########.####†#
#.#...## #.# #.#
##......### #.# #.#
..........# #.# #.#
#...<..#.# #.# #.#
#.#...##.####.####.#


You could see a gnoll and an orc.

Vanquished Creatures
  A howler monkey skeleton (D:3)
  An adder (D:2)
  A giant cockroach (D:1)
  2 kobolds
  2 giant newts
  2 rats
9 creatures vanquished.

Notes
Turn   | Place    | Note
--------------------------------------------------------------
     0 | D:1      | Psiweapon the Demonspawn Chaos Knight began the quest for the Orb.
     0 | D:1      | Reached XP level 1. HP: 18/18 MP: 1/1
    56 | D:1      | XOM: silly message
    62 | D:1      | Reached skill level 1 in Dodging
   137 | D:2      | XOM: stealth player
   226 | D:2      | Gained mutation: Your flesh is cold resistant. [demonic ancestry]
   226 | D:2      | Reached XP level 2. HP: 22/24 MP: 2/2
   730 | D:4      | XOM: divination: magic mapping
   739 | D:3      | HP: 1/24 [gnoll/club (2)]
   740 | D:3      | Gained mutation: You have large cloven feet. [potion of mutation]
   740 | D:3      | Gained mutation: You are occasionally teleported next to monsters. [potion of mutation]
   740 | D:3      | Gained mutation: You are partially covered in iridescent scales (AC +4). [potion of mutation]
   751 | D:3      | HP: 1/24 [gnoll/club (7)]
   751 | D:3      | XOM: smoke on damage
   751 | D:3      | Slain by a hound

Vault maps used:
D:1:      scummos_arrival_forest, evilmike_ruin_ashenzari
D:2:      nicolae_overflow_hidden_temple, fedhas_altar_2
D:3:      minivault_26, elyvilon_altar_5
D:4:      minmay_temple_entry_mist, first_bread

Skill      XL: |  1  2 |
---------------+-------+-----
Dodging        | 1 |  1.1
Axes           | 3 |  3.2
Armour         | 2 |  2.0
Fighting       | |  3.4

Action                   || total
-------------------------++-------
Melee: Hand axe          ||    38
  Use: Potion            ||     4
       Scroll            ||     2
 Stab: Sleeping          ||     1
